 Dungeon Crawl Stone Soup version 0.32-a0-607-g64ea0e4219 (webtiles) character file.

Game seed: 15832716376815603352

3057 ezpacito the Charlatan (level 9, -1/69 HPs)
             Began as a Coglin Chaos Knight on Mar 4, 2024.
             Was a Plaything of Xom.
             Succumbed to a killer bee's poison
             ... on level 8 of the Dungeon.
             The game lasted 00:10:58 (6717 turns).

ezpacito the Charlatan (Coglin Chaos Knight)        Turns: 6717, Time: 00:10:59

Health: -1/69      AC: 18    Str: 22    XL:     9   Next: 87%
Magic:  12/12      EV: 11    Int:  9    God:    Xom [*.....]
Gold:   294        SH:  0    Dex: 20    Spells: 2/12 levels left

rFire   . . .        a - +0 hand axe (chaos) {Mira}
rCold   + . .        j - +1 dagger (spect) {Ramón}
rNeg    . . .        u - +3 chain mail {Will+}
rPois   .            (no helmet)
rElec   .            D - +0 cloak
rCorr   .            d - +1 pair of gloves of Insecurity {rF- rC++ Str+5}
SInv    .            (no boots)
Will    +....        (amulet unavailable) Stlth
                     (ring unavailable)
HPRegen 0.31/turn    (ring unavailable)
MPRegen 0.13/turn    (no gizmo)

%: no passive effects
@: lethally poisoned (-1 -> -8), about to teleport, studying Staves, revving
A: off-hand wielding, slow wielding, warmup strikes, no jewellery, iridescent
scales 1, agile 1, deterioration 1, fire resistance 1, strong 1, evolution 1,
cold vulnerability 1
a: Invent Gizmo, Renounce Religion


You were on level 8 of the Dungeon.
You worshipped Xom.
You were a special plaything of Xom.
You visited 2 branches of the dungeon, and saw 9 of its levels.
You also visited: Sewer.

You collected 390 gold pieces.
You spent 96 gold pieces at shops.

Inventory:

Hand Weapons
 a - a +0 hand axe of chaos (weapon) {Mira}
 j - a +1 spectral dagger (offhand) {Ramón}
 l - a +2 hand axe of freezing
 o - a +0 war axe
Missiles
 k - 10 poisoned darts
 r - 6 javelins
 y - 6 darts of dispersal
 C - 3 throwing nets
Armour
 d - the +1 pair of gloves of Insecurity (worn) {rF- rC++ Str+5}
   (You acquired it on level 2 of the Dungeon)

   Str+5:     It affects your strength (+5).
   rF-:       It makes you vulnerable to fire.
   rC++:      It greatly protects you from cold.
 u - a +3 chain mail of willpower (worn)
 A - the +1 pair of gloves "Nutyoheurch" {*Corrode rN+ Int+4}
   (You found it on level 5 of the Dungeon)

   Int+4:     It affects your intelligence (+4).
   rN+:       It protects you from negative energy.
   *Corrode:  It may corrode you when you take damage.
 D - a +0 cloak (worn)
Magical Staves
 n - a staff of air
 s - a staff of cold
 v - a staff of alchemy
Talismans
 c - a serpent talisman
Wands
 b - a wand of paralysis (7)
Scrolls
 i - a scroll of identify
 t - 7 scrolls of teleportation
 x - a scroll of amnesia
Potions
 e - a potion of mutation
 f - a potion of brilliance
 p - a potion of enlightenment


   Skills:
 * Level 5.9 Fighting
 * Level 5.6(6.0) Axes
 + Level 2.7(5.0) Polearms
 + Level 3.7(4.2) Staves
 * Level 4.7 Armour
 * Level 4.3 Dodging
 + Level 2.7 Stealth
 + Level 2.8 Unarmed Combat
 + Level 2.4 Spellcasting
 + Level 2.4 Alchemy
 * Level 5.9 Evocations


You had 2 spell levels left.
You knew the following spells:

 Your Spells              Type           Power      Damage    Failure   Level
a - Magic Dart            Conj           4%         1d3       89%         1
b - Fulminant Prism       Conj/Alch      1%         3d5       100%        4
c - Shock                 Conj/Air       4%         1d3       89%         1
d - Airstrike             Air            0%         2d(1-17)  100%        4

Your spell library contained the following spells:

 Spells                   Type           Power      Damage    Failure   Level
 Searing Ray              Conj           2%         2d4       96%         2
 Swiftness                Air            1%         N/A       99%         3


Dungeon Overview and Level Annotations

Branches:
Dungeon (8/15)             Temple (1/1) D:4            Lair (0/5) D:8
  Sewer (visited)

Altars:
Ashenzari
Cheibriados
Dithmenos
Elyvilon
Fedhas
Gozag
Hepliaklqana
Kikubaaqudgha
Makhleb
Nemelex Xobeh
Okawaru
Qazlal
Ru
Sif Muna
Trog
Uskayaw
Vehumet
Wu Jian
Xom
Yredelemnul
Zin
The Shining One

Shops:
D:1 *


Innate Abilities, Weirdness & Mutations

You can wield a second weapon in your off-hand.
It takes a long time for you to wield or remove held weapons.
Your first few attacks do less damage.
You cannot equip rings or amulets.
You are partially covered in iridescent scales. (AC +2)
You are agile. (Dex +4, Str/Int -1)
Your body sometimes deteriorates upon taking damage.
Your flesh is heat resistant. (rF+)
Your muscles are strong. (Str +4, Int/Dex -1)
You have hidden genetic potential.
You are vulnerable to cold. (rC-)


Message History

You take 1 damage, and have 23/69 hp.
You hit the killer bee with your +1 spectral dagger.
The killer bee is almost dead.
You miss the killer bee with your +0 hand axe of chaos.
The killer bee stings you!
* * * LOW HITPOINT WARNING * * *
You are poisoned.
The killer bee poisons you!
The killer bee stings you but does no damage.
You take 7 damage, and have 16/69 hp.
You closely miss the killer bee with your +1 spectral dagger.
The killer bee is almost dead.
You hit the killer bee with your +0 hand axe of chaos.
You kill the killer bee!
You feel very sick. The killer bee stings you.
* * * LOW HITPOINT WARNING * * *
You take 8 damage, and have 8/69 hp.
Okay, then.
Okay, then.
As you read the scroll of teleportation, it crumbles to dust.
You feel strangely unstable.
* * * LOW HITPOINT WARNING * * *
You feel sick.
The killer bee stings you but does no damage.
The killer bee stings you.
* * * LOW HITPOINT WARNING * * *
You take 3 damage, and have 5/69 hp.
* * * LOW HITPOINT WARNING * * *
You feel sick. The killer bee stings you.
* * * LOW HITPOINT WARNING * * *
You are more poisoned.
The killer bee poisons you!
You take 2 damage, and have 3/69 hp.
* * * LOW HITPOINT WARNING * * *
You feel very sick.
The killer bee stings you but does no damage.
You take 2 damage, and have 1/69 hp.
You die...
Xom bursts into laughter!

**#.........#####.....# *,,,,,, *
*#......<......#*#..## **,,,,,, *
#..#####.%.#### ##..###...,,,, **
**** ##.## #....>...#**,,
.###########.# ##Y##...###***,
############.# ##F##*#Y....****
############.# ##y## *.§...,,,,
############.# ##.## *#..♣.,,,,
###########..###@## *#...P.,,,,
#####...#....##..# *....♣§,,,,
####.......####..## *#......,,,,
####...########...####......P,,,,
####...########....kY§..P....*,,,
####...#######......l§§......>,,*
#####...#####......#..P......,,,,
######....)).....####.....P.§,,,,
######....)......# ###.....§,,,,


You could see a yak, a bullfrog (very poisoned) and a killer bee.

Vanquished Creatures
  Pikel (D:8)
  2 yaks (D:8)
  A basilisk (D:8)
  A water moccasin (D:8)
  A centaur (D:5)
  A phantom (D:4)
  2 bullfrogs (Sewer)
  2 scorpions
  3 wights (D:6)
  3 killer bees (D:8)
  A howler monkey (D:4)
  A bombardier beetle (D:7)
  A hound (D:6)
  2 orc priests
  A gnoll bouda (D:7)
  A jelly (D:7)
  A sleepcap (D:5)
  2 iguanas (D:4)
  9 orc wizards
  8 adders
  5 gnolls (D:7)
  A shadow imp (D:8)
  2 white imps
  2 ufetubi (D:6)
  4 ribbon worms
  6 dart slugs
  12 orcs
  4 endoplasms
  11 giant cockroaches
  6 goblins
  A hobgoblin (D:4)
  2 jackals (D:2)
  A quokka (D:5)
  13 ball pythons
  6 bats
  9 frilled lizards
  8 kobolds
  4 rats
141 creatures vanquished.

Vanquished Creatures (collateral kills)
  A wyvern (D:8)
  Eustachio (D:6)
  A centaur (D:6)
  5 wights (D:6)
  An orc priest (D:4)
  An orc wizard (D:6)
  A dart slug (D:4)
  2 orcs (D:4)
13 creatures vanquished.

Vanquished Creatures (others)
  A yak (D:8)
  An orc (D:6)
2 creatures vanquished.

Grand Total: 156 creatures vanquished

Notes
Turn   | Place    | Note
-------+----------+-------------------------------------------
     0 | D:1      | ezpacito the Coglin Chaos Knight began the quest for the
                  | Orb.
     0 | D:1      | Reached XP level 1. HP: 18/18 MP: 1/1
    15 | D:1      | Reached skill level 1 in Dodging
   223 | D:1      | Reached XP level 2. HP: 24/24 MP: 2/2
   366 | D:1      | XOM: divination: detect creatures
   393 | D:1      | XOM: divination: detect creatures
   428 | D:1      | Found Haamonumm's Assorted Antiques.
   437 | D:1      | Bought a scroll labelled AVUTHRIC JEGUNN for 17 gold pieces
   669 | D:1      | Bought a scroll labelled YPLOCK QIFY for 17 gold pieces
   707 | D:1      | XOM: cloud trail
   979 | D:2      | Found a glowing silver altar of Zin.
  1071 | D:2      | Reached XP level 3. HP: 23/29 MP: 3/3
  1075 | D:2      | XOM: divination: detect items
  1224 | D:2      | XOM: silly message
  1309 | D:2      | Identified a scroll of acquirement
  1309 | D:2      | Acquired the +1 pair of gloves of Insecurity {rF- rC++
                  | Str+5}
  1311 | D:2      | XOM: divination: detect items
  1430 | D:1      | Bought a scroll labelled ZAZONOSE YFEB for 17 gold pieces
  1430 | D:1      | Bought a bubbling yellow potion for 15 gold pieces
  1518 | D:3      | XOM: 2-stop teleportation journey
  1859 | D:3      | Found a white marble altar of Elyvilon.
  1868 | D:3      | Found a blossoming altar of Fedhas.
  1875 | D:3      | Found an opulent altar of Gozag.
  1880 | D:3      | Found a glowing golden altar of the Shining One.
  1885 | D:3      | Reached skill level 1 in Evocations
  1885 | D:3      | Reached XP level 4. HP: 31/35 MP: 4/4
  1915 | D:3      | Found a stormy altar of Qazlal.
  1918 | D:3      | Found an ornate altar of the Wu Jian Council.
  2199 | D:3      | Found a radiant altar of Vehumet.
  2199 | D:3      | Found an iron altar of Okawaru.
  2208 | D:3      | Found a basalt altar of Yredelemnul.
  2210 | D:3      | Found a faded altar of an unknown god.
  2212 | D:3      | Found a faded altar of an unknown god.
  2341 | D:1      | Bought a smoky brown potion for 15 gold pieces
  2341 | D:1      | Bought a metallic clear potion for 15 gold pieces
  2413 | D:4      | XOM: noise
  2414 | D:4      | Noticed a phantom
  2425 | D:4      | Killed a phantom
  2426 | D:4      | Reached skill level 1 in Unarmed Combat
  2426 | D:4      | Reached XP level 5. HP: 42/42 MP: 4/6
  2430 | D:4      | Found a staircase to the Ecumenical Temple.
  2547 | Temple   | XOM: noise
  2547 | Temple   | Entered the Ecumenical Temple
  2652 | D:4      | XOM: scenery: summon butterflies
  2679 | D:4      | XOM: smoke on damage
  2740 | D:4      | Reached skill level 1 in Polearms
  2746 | D:4      | Reached skill level 1 in Stealth
  2746 | D:4      | Reached skill level 1 in Spellcasting
  2746 | D:4      | Reached XP level 6. HP: 16/48 MP: 7/7
  2813 | D:4      | XOM: give mutation
  2813 | D:4      | Gained mutation: Armour fits poorly on your strangely
                  | shaped body. [Xom's mischief]
  2830 | D:4      | XOM: cloud trail
  2874 | D:4      | Lost mutation: Armour fits poorly on your strangely shaped
                  | body. [potion of mutation]
  2874 | D:4      | Gained mutation: Your flesh is heat resistant. (rF+)
                  | [potion of mutation]
  2878 | D:4      | XOM: god gift: scroll labelled KEXTIR MITANA {god gift}
  3088 | D:5      | Entered Level 5 of the Dungeon
  3229 | D:5      | XOM: cloud trail
  3357 | D:5      | XOM: divination: detect creatures
  3364 | D:5      | Reached skill level 1 in Staves
  3430 | D:5      | XOM: 2-stop teleportation journey
  3544 | D:5      | Reached XP level 7. HP: 48/54 MP: 8/8
  3662 | D:5      | XOM: silly message
  3709 | D:5      | Identified the +1 pair of gloves "Nutyoheurch" {*Corrode
                  | rN+ Int+4}
  3975 | D:6      | Noticed Eustachio
  3998 | D:6      | XOM: summons 5 friendly demons
  4017 | D:6      | Killed Eustachio
  4042 | D:6      | XOM: polymorph hound -> endoplasm
  4044 | D:6      | XOM: summons friendly shadow imp
  4052 | D:6      | XOM: scenery: 2 doors open
  4060 | D:6      | XOM: enchant monster (good)
  4067 | D:6      | XOM: summons friendly crimson imp
  4075 | D:6      | Reached XP level 8. HP: 36/59 MP: 10/10
  4094 | D:6      | Found a glowing drain.
  4126 | Sewer    | Entered a sewer
  4129 | Sewer    | Learned a level 1 spell: Magic Dart
  4134 | Sewer    | Learned a level 4 spell: Fulminant Prism
  4136 | Sewer    | Learned a level 1 spell: Shock
  4141 | Sewer    | Learned a level 4 spell: Airstrike
  4365 | Sewer    | XOM: confuse monster(s)
  4516 | Sewer    | XOM: noise
  4799 | D:6      | XOM: cloud trail
  5061 | D:6      | Found a sacrificial altar of Ru.
  5068 | D:6      | Reached skill level 1 in Alchemy
  5212 | D:6      | XOM: cloud trail
  5237 | D:6      | Reached skill level 5 in Fighting
  5251 | D:6      | XOM: give mutations
  5251 | D:6      | Gained mutation: You are vulnerable to cold. (rC-) [Xom's
                  | mischief]
  5251 | D:6      | Gained mutation: Your body sometimes deteriorates upon
                  | taking damage. [Xom's mischief]
  5396 | D:5      | XOM: summons 4 hostile demons
  5471 | D:6      | XOM: give mutations
  5471 | D:6      | Gained mutation: You are partially covered in iridescent
                  | scales. (AC +2) [Xom's grace]
  5471 | D:6      | Gained mutation: Your muscles are strong. (Str +4, Int/Dex
                  | -1) [Xom's grace]
  5471 | D:6      | Gained mutation: You have hidden genetic potential. [Xom's
                  | grace]
  5975 | D:7      | Reached skill level 5 in Axes
  5975 | D:7      | Reached XP level 9. HP: 53/68 MP: 11/11
  6103 | D:7      | XOM: fog
  6116 | D:7      | Reached skill level 5 in Evocations
  6593 | D:8      | Noticed Pikel
  6598 | D:8      | XOM: polymorph lemure -> shadow imp
  6607 | D:8      | XOM: polymorph scorpion -> ball python
  6609 | D:8      | Killed Pikel
  6650 | D:8      | XOM: potion effect (attraction)
  6652 | D:8      | XOM: enchant monster (bad)
  6653 | D:8      | XOM: chaos cloud
  6667 | D:8      | XOM: enchant monster (good)
  6676 | D:8      | Gained mutation: You are agile. (Dex +4, Str/Int -1)
                  | [hidden potential]
  6677 | D:8      | XOM: confusion (+ monsters)
  6704 | D:8      | XOM: swap monsters
  6715 | D:8      | HP: 3/69 [killer bee (1)]
  6716 | D:8      | HP: 1/69 [poisoned by a killer bee]
  6717 | D:8      | Succumbed to a killer bee's poison

Illustrated notes

Levels and vault maps discovered:
D:1:      minmay_arrival_three_doors, layout_loops_ring, serial_shops, shop
D:2:      layout_loops_cross, basic_altar, nicolae_titane
D:3:      layout_loops_cross, nicolae_overflow_hallway_of_the_gods,
          chequers_temple_overflow_minitemple, serial_aquarium,
          aquarium_bridge_island_small [aquarium_subvault_small_water,
          aquarium_subvault_bridge, aquarium_subvault_bridge,
          aquarium_subvault_bridge, aquarium_subvault_window],
          aquarium_bridge_square [aquarium_subvault_bridge,
          aquarium_subvault_wall, aquarium_subvault_bridge,
          aquarium_subvault_window], aquarium_window_corner,
          aquarium_window_fake, aquarium_view_2b, aquarium_view_2d
D:4:      layout_rooms, minmay_temple_entry_mist
D:5:      layout_basic
D:6:      layout_basic, nicolae_ru_great_annihilating_truth,
          cheibrodos_sewer_entry_sluice, uniq_eustachio
D:7:      layout_loops_corners
D:8:      layout_layer_cave, minmay_lair_entry_grove, gammafunk_ghost_spectres,
          enter_bailey_2, uniq_pikel
Temple:   nicolae_temple_godzebo

Skill      XL: |  1  2  3  4  5  6  7  8  9 |
---------------+----------------------------+-----
Dodging        | 1 2 3 4 |  4.3
Armour         | 2 3 4 |  4.7
Evocations     | 1 2 3 4 5 |  5.9
Unarmed Combat | 1 2 |  2.8
Polearms       | 1 2 |  2.7
Stealth        | 1 2 |  2.7
Spellcasting   | 1 2 |  2.4
Fighting       | 4 5 |  5.9
Staves         | 1 2 3 |  3.7
Axes           | 4 5 |  5.6
Alchemy        | 1 2 |  2.4

Action                     |  1- 3 |  4- 6 |  7- 9 || total
---------------------------+-------+-------+-------++-------
  Melee: Hand axe          |    53 |    71 |   225 ||   349
         Dagger            |    44 |    65 |   224 ||   333
  Evoke: Wand              |       |       |     3 ||     3
    Use: Scroll            |     9 |     2 |    10 ||    21
         Potion            |       |     1 |    18 ||    19
   Stab: Distracted        |       |     2 |     2 ||     4
         Petrified         |       |       |     3 ||     3
         Held in net/web   |       |       |     1 ||     1
         Petrifying        |       |       |     1 ||     1
         Paralysed         |       |       |     1 ||     1
 Armour: Leather armour    |    36 |    14 |       ||    50
         Chain mail        |       |    35 |   332 ||   367
         Skin              |       |       |    24 ||    24
  Dodge: Dodged            |    30 |    29 |   166 ||   225

Table legend: (Time is in decaauts)
 A = Elapsed time spent in this place.
 B = Non-inter-level travel time spent in this place.
 C = Inter-level travel time spent in this place.
 D = Time resting spent in this place.
 E = Time spent auto-exploring this place.
 F = Levels seen in this place.
 G = Mean time per level.
                   A        B        C        D        E       F      G
               +--------+--------+--------+--------+--------+-----+--------+
         Total |   6820 |   6122 |    698 |    158 |   4685 |  10 |  682.0 |
       Dungeon |   6253 |   5555 |    698 |    158 |   4382 |   8 |  781.6 |
        Temple |      1 |      1 |      0 |      0 |      0 |   1 |    1.0 |
         Sewer |    564 |    564 |      0 |      0 |    303 |   1 |  564.0 |
               +--------+--------+--------+--------+--------+-----+--------+

Top non-repeatable levels by time:
     D:5: 1074 daAuts
     D:7: 1039 daAuts
     D:1: 1017 daAuts
     D:6: 894 daAuts
     D:3: 769 daAuts
     D:4: 678 daAuts
     D:2: 633 daAuts
   Sewer: 564 daAuts
     D:8: 146 daAuts
  Temple: 1 daAuts
